Zazza, neutral female human Tourist --------------- |.............| ---- |..............# |..| |.>...........|# ---------------- |..| |.............|# ------ |.===*=========| ---- ----------|----# #-.....# |=*===""=======| # # ###|..>.|# |..............| ### # # #|....|# ---|------------ # ## #####------# ## ### #----------- # # # # # #|.....<...|`#### # #%# ### #-.^.......|# # #-----------.---- # |.........|### #|............m.| #### |..........# #|...........@..| -----.- |.........|# #|...........f..| |.....| -----------# #...............| |......######################## ---------------- |.....| # ------- Zazza the Rambler Experience level: 1 Strength: 9 Dexterity: 12 Constitution: 17 Intelligence: 14 Wisdom: 7 Charisma: 18 Health: 0(10) Energy: 3(3) Def: 1 Gold: 1306 Moves: 1506 Dungeon seed: WRVIW78DCfU_iemH Game ID: Zazza_1598384957 Your Inventory: Coins $ - 1306 gold pieces Weapons a - 24 +2 darts (in quiver) w - a cursed -1 flail Armor e - an uncursed +0 Hawaiian shirt (being worn) n - an uncursed +0 orcish helm (being worn) y - a cursed -1 pair of gauntlets of fumbling Comestibles b - an uncursed slime mold f - 4 uncursed food rations h - an uncursed tin of jackal meat i - an uncursed tripe ration o - 2 uncursed oranges q - 2 uncursed food rations Scrolls p - a blessed scroll of light B - an uncursed scroll of scare monster Potions j - 2 uncursed potions of extra healing r - an uncursed potion of speed u - an uncursed potion of healing z - a cursed potion of fruit juice Wands s - a wand of undead turning (0:8) Tools l - an expensive camera (0:94) m - an uncursed credit card t - an uncursed towel x - an uncursed stethoscope Spells and supernatural/magical abilities: Name Level Category Fail Memory W - pray for help -- divine ? -- Your skills at the end: Fighting Skills Weapon Skills dart [Basic] Spellcasting Skills Final Attributes: You were nominally aligned. You are dead. Vanquished creatures: a large kobold a yellow mold a gecko a fox a kobold a goblin a sewer rat 2 grid bugs 2 lichens 5 newts 16 creatures vanquished. Voluntary challenges: You never hit with a wielded weapon. You were a pacifist. You read items or engraved 4 times, starting on turn 50. You never genocided any monsters. You never polymorphed an object. You never changed form. You used no wishes. You never split a pudding. You never wrote Elbereth's name. You never violated your personal moral code. Dungeon overview: The Dungeons of Doom: levels 1 to 4 Level 1 a fountain a long staircase Level 2 a general store, a fountain Level 3 Level 4 <- You were here a jewelry store a long staircase History has recorded: On T:1 you entered the Dungeons of Doom to retrieve the Amulet of Yendor! On T:367 you reached level 2 of The Dungeons of Doom. On T:716 you reached level 3 of The Dungeons of Doom. On T:1077 you reached level 4 of The Dungeons of Doom. Score breakdown: Gold: 351 ( 8662 points) Experience: 1 level ( 0 points) Exploration: 4 levels ( 8.16%) ( 7500 points) Discoveries: 1 item ( 0.34%) ( 1737 points) Valuables value: (no points given unless you survive) Artifact value: 0 ( 0 points) Variety of kills: 10 monsters ( 2.62%) ( 4860 points) Turncount: 1506 turns ( 0 points) Survival: died (score multiplied by 80%) Total score: 18207 Latest messages: It is not so easy to open this tin. You succeed in opening the tin. It smells like newts. You consume deep fried newt. You feel a mild buzz. Eating deep fried food made your fingers very slippery. It is not so easy to open this tin. You succeed in opening the tin. It smells like newts. You consume pureed newt. Wait! That's a small mimic! You stop. Armand is in the way! Armand misses the small mimic. (4x) Armand bites the small mimic. The small mimic misses Armand. Armand misses the small mimic. Armand bites the small mimic. The small mimic hits Armand. You displace Armand. The small mimic hits! You die... Final status: Aloha Zazza the Tourist, killed by a small mimic... You died in The Dungeons of Doom on dungeon level 4 with 18207 points, and 1306 pieces of gold, after 1506 moves. You were level 1 with a maximum of 10 hit points when you died.